 Dungeon Crawl Stone Soup version 0.29-a0-490-g77b3608bb8 (webtiles) character file.

Game seed: 17381810222833909682

211 Sobieck the Sneak (level 5, 0/28 HPs)
             Began as a Vine Stalker Brigand on May 26, 2022.
             Slain by a gnoll
             ... wielding a +0 halberd
              (9 damage)
             ... on level 3 of the Dungeon.
             The game lasted 00:06:16 (2810 turns).

Sobieck the Sneak (Vine Stalker Brigand)            Turns: 2810, Time: 00:06:17

Health: 0/28       AC:  7    Str: 14    XL:     5   Next: 88%
Magic:  0/6        EV: 10    Int: 11    God:
Gold:   129        SH:  0    Dex: 17    Spells: 4/4 levels left

rFire   . . .      SeeInvis .   a - +2 dagger (speed) {short}
rCold   . . .      Faith    .   (no shield)
rNeg    . . .      Spirit   +   u - +0 ring mail
rPois   .          Reflect  .   g - +0 helmet
rElec   .          Harm     .   c - +0 cloak
rCorr   .          Rampage  .   (no gloves)
Will    .....                   (no boots)
Stlth   +++.......              (no amulet)
HPRegen 0.89/turn               (no ring)
MPRegen 0.10/turn               (no ring)

@: no status effects
A: fangs 2, regeneration 1, magic shield, antimagic bite, no potion heal 2
a: no special abilities


You were on level 3 of the Dungeon.
You visited 1 branch of the dungeon, and saw 4 of its levels.

You collected 129 gold pieces.


Innate Abilities, Weirdness & Mutations

You have extremely sharp teeth.
Your natural rate of healing is unusually fast.
When hurt, damage is shared between your health and your magic reserves.
Your bite disrupts and absorbs the magic of your enemies.
Potions cannot restore your health.


   Skills:
 - Level 3.0 Fighting
 + Level 4.1 Short Blades
 - Level 1.7 Throwing
 - Level 0.7 Dodging
 - Level 6.0 Stealth


You had 4 spell levels left.
You didn't know any spells.
Your spell library contained the following spells:

 Spells                   Type           Power      Damage    Failure   Level
 Summon Forest            Summ/Tloc      0%         N/A       100%        5
 Eringya's Noxious Bog    Tmut/Pois      0%         N/A       100%        6
 Summon Hydra             Summ           0%         N/A       100%        7

Inventory:

Hand Weapons
 a - a +2 dagger of speed (weapon) {short}
   (You took it off a goblin on level 1 of the Dungeon)
 b - a +0 hunting sling {sling}
   (You found it on level 3 of the Dungeon)
 r - a +2 dagger {short}
Missiles
 d - 8 poisoned darts (quivered) {throwing}
 e - 3 curare-tipped darts {=fthrowing}
 l - 76 stones {throwing}
Armour
 c - a +0 cloak (worn)
 g - a +0 helmet (worn)
   (You found it on level 1 of the Dungeon)
 j - a +0 leather armour
   (You found it on level 1 of the Dungeon)
 k - a +0 chain mail
   (You found it on level 1 of the Dungeon)
 u - a +0 ring mail (worn)
   (You found it on level 2 of the Dungeon)
 v - a +0 buckler
   (You found it on level 2 of the Dungeon)
 x - a +0 leather armour
   (You found it on level 2 of the Dungeon)
 y - a +0 robe
 B - a +0 leather armour
   (You took it off an orc on level 3 of the Dungeon)
 C - a +0 leather armour
   (You found it on level 3 of the Dungeon)
 D - a +0 ring mail
   (You took it off an orc on level 3 of the Dungeon)
Scrolls
 f - a scroll of teleportation {unknown}
 h - 3 scrolls of identify {unknown}
 i - a scroll of poison {unknown}
 n - a scroll of immolation {unknown}
 o - 3 scrolls of vulnerability {unknown}
 q - a scroll of noise {unknown}
 A - a scroll of summoning {unknown}
Potions
 m - 2 potions of magic {unknown}
 p - a potion of resistance {unknown}
 s - 2 potions of heal wounds {unknown}
 t - a potion of degeneration {unknown}
 w - a potion of mutation {unknown}
 z - 2 potions of curing {unknown}

Dungeon Overview and Level Annotations

Branches:
Dungeon (4/15)
 Temple: D:4-7

Altars:
Nemelex Xobeh
Zin
Beogh

##################
..........)...gg@#
#######.#.########
##### #.#......#
....# #.######)###
###.# #.# #...#
#.###.# ###.#
#..)#.# #.#
###.#.# #.# #.#.#
#.#


You could see 2 gnolls.


Message History

You hit Natasha. You bite Natasha.
You kill Natasha!
Natasha screams in pain as she dies!
The iron imp disappears in a puff of smoke!
No target in view!
Unknown command.
Things that are here:
a +0 mace {mace}; a +0 flail {mace}; an orc corpse A hobgoblin comes into view.
Danger!
The hobgoblin shouts!
The hobgoblin misses you.
You completely miss the hobgoblin. You hit the hobgoblin.
You bite the hobgoblin, but do no damage.
The hobgoblin barely misses you.
You closely miss the hobgoblin.
You bite the hobgoblin, but do no damage.
You hit the hobgoblin.
You kill the hobgoblin!
Your Short Blades skill increases to level 4!
No target in view!
b - a +0 hunting sling (weapon)
{sling} You see here a hobgoblin corpse.
A bat comes into view.
Danger!
You shoot a sling bullet. The sling bullet hits the bat.
You kill the bat!
A quokka comes into view.
Your hands tingle!
a - a +2 dagger of speed (weapon)
{short} You closely miss the quokka.
You bite the quokka. You drain its power. You hit the quokka but do no damage.
You bite the quokka, but do no damage.
The quokka bites you but does no damage.
You closely miss the quokka. You hit the quokka. You bite the quokka.
You kill the quokka!
No target in view!
b - a +0 hunting sling (weapon)
{sling}
z - 2 fuming green potions (gained 1)
You see here a quokka corpse.
You pick up a Fen Folio and begin reading...
You add the spells Summon Forest, Eringya's Noxious Bog and Summon Hydra to your library.
Unknown command.
Found a stone staircase leading up.
Unknown command.
You now have 129 gold pieces (gained 13).
You see here a quokka corpse.
A goblin comes into view. It is wielding a +0 club.
Danger!
You shoot a sling bullet. The sling bullet hits the goblin.
You kill the goblin!
No target in view!
No target in view!
Things that are here:
a +0 club {mace}; a goblin corpse Unknown command.
l - 76 stones {throwing} (gained 20)
You see here a hobgoblin corpse.
You see here a +0 hand axe {axe}.
Done exploring.
Unknown command.
Done exploring.
There is a stone staircase leading down here.
You climb downwards.
You hear the sound of rushing water.
There is an entrance to a sewer on this level.
Hurry and find it before the portal rusts away!
The gnoll shouts! x3; You hear a shout! x2
There is a stone staircase leading up here.
Danger!
You shoot a sling bullet. The sling bullet hits the gnoll.
You shoot a sling bullet. The sling bullet hits the gnoll.
A hobgoblin comes into view.
You shoot a sling bullet.
The sling bullet closely misses the gnoll.
The sling bullet barely misses the gnoll.
The gnoll completely misses you.
You shoot a sling bullet. The sling bullet hits the gnoll!
You kill the gnoll!
A goblin comes into view. It is wielding a +0 club.
The gnoll hits you from afar with a +0 halberd!
The goblin moves out of view.
Unknown command.
There is a stone staircase leading up here.
Unknown command.
The gnoll hits you with a +0 halberd! The gnoll hits you with a +0 flail.
The gnoll hits you but does no damage.
You climb upwards.
There is a stone staircase leading down here.
Unknown command.
Your hands tingle!
a - a +2 dagger of speed (weapon)
{short} You are too injured to fight recklessly!
You are too injured to fight recklessly!
You are too injured to fight recklessly!
You hit the gnoll. Your bite misses the gnoll.
The gnoll hits you with a +0 flail!
* * * LOW HITPOINT WARNING * * *
The gnoll hits you from afar with a +0 halberd!
You die...

Skill      XL: |  1  2  3  4  5 |
---------------+----------------+-----
Stealth        | 5 6 |  6.0
Fighting       | 2 3 |  3.0
Short Blades   | 2 3 4 |  4.1
Throwing       | |  1.7
Dodging        | |  0.7

Action                   |  1- 3 |  4- 6 || total
-------------------------+-------+-------++-------
Melee: Dagger            |    97 |    68 ||   165
       Bite              |    20 |    20 ||    40
       Punch             |       |     1 ||     1
 Fire: Hunting sling     |       |    23 ||    23
Throw: Dart              |     6 |       ||     6
 Stab: Sleeping          |    10 |     5 ||    15
Armor: Robe              |    29 |       ||    29
       Ring mail         |       |    20 ||    20
Dodge: Dodged            |    40 |    22 ||    62

Levels and vault maps discovered:
D:1:      mrwooster_arrival_arrow, layout_loops_ring,
          hellmonk_ecumenical_altar_defaced_shrine
D:2:      layout_basic, basic_altar
D:3:      layout_basic, nemelex_diamond_rough_becter, uniq_natasha
D:4:      layout_rooms, mainiacjoe_overflow_surrounded_room,
          nicolae_overflow_quartered_altars, portal_sewer_entry_c,
          grunt_decor_arrowhead

Notes
Turn   | Place    | Note
-------+----------+-------------------------------------------
     0 | D:1      | Sobieck the Vine Stalker Brigand began the quest for the
                  | Orb.
     0 | D:1      | Reached XP level 1. HP: 11/11 MP: 2/2
   237 | D:1      | Reached skill level 5 in Stealth
   242 | D:1      | Reached skill level 2 in Fighting
   242 | D:1      | Reached skill level 2 in Short Blades
   243 | D:1      | Reached XP level 2. HP: 13/15 MP: 3/3
   453 | D:1      | Found a faded altar of an unknown god.
   772 | D:1      | Reached XP level 3. HP: 18/18 MP: 4/4
  1292 | D:2      | Found a glowing silver altar of Zin.
  1316 | D:2      | Gained mutation: Your natural rate of healing is unusually
                  | fast. [Vine Stalker growth]
  1316 | D:2      | Reached XP level 4. HP: 8/23 MP: 1/5
  1997 | D:3      | Found a sparkling altar of Nemelex Xobeh.
  2221 | D:3      | Reached skill level 3 in Fighting
  2221 | D:3      | Reached skill level 3 in Short Blades
  2221 | D:3      | Reached skill level 6 in Stealth
  2221 | D:3      | Reached XP level 5. HP: 23/28 MP: 6/6
  2572 | D:3      | Noticed Natasha
  2581 | D:3      | Killed Natasha
  2622 | D:3      | Reached skill level 4 in Short Blades
  2650 | D:3      | You add the spells Summon Forest, Eringya's Noxious Bog and
                  | Summon Hydra to your library.
  2810 | D:3      | Slain by a gnoll

Vanquished Creatures
  2 orc priests (D:3)
  A hound (D:2)
  Natasha (D:3)
  A gnoll (D:4)
  An adder (D:2)
  2 worms (D:2)
  A dart slug (D:1)
  2 orcs (D:3)
  6 bats
  5 endoplasms
  A giant cockroach (D:1)
  6 hobgoblins
  5 jackals (D:1)
  5 quokkas
  12 ball pythons
  2 frilled lizards
  8 goblins
  3 kobolds
  3 rats
67 creatures vanquished.

Table legend:
 A = Non-vault XP
 B = Vault XP
 C = Vault XP percentage of total XP
 D = Non-vault monster count
 E = Vault monster count
 F = Vault count percentage of total count
                 A         B        C        D         E       F
            +---------+---------+-------+---------+---------+-------
      Total |     261 |      41 |  13.6 |      64 |       3 |   4.5
            +---------+---------+-------+---------+---------+-------
        D:1 |      48 |       6 |  11.1 |      28 |       2 |   6.7
        D:2 |      83 |       0 |   0.0 |      17 |       0 |   0.0
        D:3 |     116 |      35 |  23.2 |      18 |       1 |   5.3
        D:4 |      14 |       0 |   0.0 |       1 |       0 |   0.0
            +---------+---------+-------+---------+---------+-------

Illustrated notes

Table legend:
 A = Kills in this place as a percentage of kills in entire the game.
 B = Kills by you in this place as a percentage of kills by you in the entire game.
 C = Kills by friends in this place as a percentage of kills by friends in the entire game.
 D = Other kills in this place as a percentage of other kills in the entire game.
 E = Experience gained in this place as a percentage of experience gained in the entire game.
 F = Experience gained in this place divided by the number of levels of this place that you have seen.
                   A       B       C       D       E      F
               +-------+-------+-------+-------+-------+----------------------
         Total | 100.0 | 100.0 |   N/A |   N/A | 100.0 |  75.5
       Dungeon | 100.0 | 100.0 |   N/A |   N/A | 100.0 |  75.5
               +-------+-------+-------+-------+-------+----------------------

Table legend: (Time is in decaauts)
 A = Elapsed time spent in this place.
 B = Non-inter-level travel time spent in this place.
 C = Inter-level travel time spent in this place.
 D = Time resting spent in this place.
 E = Time spent auto-exploring this place.
 F = Levels seen in this place.
 G = Mean time per level.
                   A        B        C        D        E       F      G
               +--------+--------+--------+--------+--------+-----+--------+
         Total |   2764 |   2739 |     25 |    180 |   1955 |   4 |  691.0 |
       Dungeon |   2764 |   2739 |     25 |    180 |   1955 |   4 |  691.0 |
               +--------+--------+--------+--------+--------+-----+--------+

Top non-repeatable levels by time:
     D:1: 1150 daAuts
     D:3: 831 daAuts
     D:2: 772 daAuts
     D:4: 9 daAuts
